 Dungeon Crawl Stone Soup version 0.29.0-4-gdea44cf6ec (webtiles) character file.

Game seed: 12220240041747965258

4 qw the Sneak (level 1, 0/14 HPs)
             Began as a Gargoyle Delver on Sept 10, 2022.
             Slain by a scorpion (3 damage)
             ... on level 5 of the Dungeon.
             The game lasted 00:00:03 (170 turns).

qw the Sneak (Gargoyle Delver)                       Turns: 170, Time: 00:00:04

Health: 0/14       AC:  5    Str: 15    XL:     1   Next: 60%
Magic:  1/1        EV: 11    Int: 10    God:
Gold:   3          SH:  0    Dex: 11    Spells: 0/0 levels left

rFire   . . .      SeeInvis .   a - +0 hand axe
rCold   . . .      Faith    .   (no shield)
rNeg    + . .      Spirit   .   b - +0 leather armour
rPois   inf        Reflect  .   (no helmet)
rElec   +          Harm     .   (no cloak)
rCorr   .          Rampage  .   (no gloves)
Will    .....                   (no boots)
Stlth   +++.......              (no amulet)
HPRegen 0.04/turn               (no ring)
MPRegen 0.07/turn               (no ring)

@: no status effects
A: sickness immunity, AC +2, negative energy resistance 1, electricity
resistance, torment resistance 1, petrification resistance
a: no special abilities


You were on level 5 of the Dungeon.
You visited 1 branch of the dungeon, and saw 1 of its levels.

You collected 3 gold pieces.


Innate Abilities, Weirdness & Mutations

You are immune to sickness and miasma.
Your stone body is resilient. (AC +2)
You are immune to poison.
You resist negative energy. (rN+)
You are resistant to electric shocks. (rElec)
You are resistant to unholy torment.
You are immune to petrification.


   Skills:
 - Level 3.2 Fighting
 + Level 2.1 Axes
 - Level 1.5 Dodging
 - Level 5.4 Stealth


You couldn't memorise any spells.
You didn't know any spells.
Your spell library was empty.

Inventory:

Hand Weapons
 a - a +0 hand axe (weapon)
Armour
 b - a +0 leather armour (worn)
Wands
 g - a wand of digging (3)
Scrolls
 c - a scroll of fog
 d - a scroll of magic mapping
 e - a scroll of fear
 j - a scroll of enchant armour {unknown}
Potions
 f - a potion of haste
 h - a potion of cancellation {unknown}
 i - a potion of heal wounds {unknown}

Dungeon Overview and Level Annotations

Branches:
Dungeon (5/15)
 Temple: D:4-7

Altars:


Message History

The orc is moderately wounded.
The orc hits you with a +0 short sword.
A scorpion comes into view.
The orc hits you with a +0 short sword.
115 ||| Stepping ~*~*~tactically~*~*~ (stealth).
You hit the orc.
The orc is almost dead.
The orc hits you with a +0 short sword.
You hit the orc but do no damage.
The orc is almost dead.
The orc closely misses you.
You closely miss the orc.
The orc is almost dead.
The orc barely misses you.
You barely miss the orc.
The orc is almost dead.
The orc hits you but does no damage.
You hit the orc.
You kill the orc!
You start resting.
A scorpion is nearby!
135 ||| Stepping ~*~*~tactically~*~*~ (stealth).
You start resting.
A scorpion is nearby!
142 ||| Stepping ~*~*~tactically~*~*~ (stealth).
143 ||| Stepping ~*~*~tactically~*~*~ (stealth).
You start resting.
An orc is nearby!
You start resting.
A scorpion is nearby!
You closely miss the scorpion. The scorpion stings you.
You closely miss the scorpion.
The scorpion stings you but does no damage.
The scorpion stings you.
You barely miss the scorpion. The scorpion stings you.
You barely miss the scorpion. The scorpion barely misses you.
The scorpion stings you.
You die...

...# .... ...####....
##### ......... #s..#
#+#....... ..
#...###.#.....# #.#
#....##.......####.####
#....##@..............#
#....##.s.............#
#..)s...#.............##
#...#####...............
#.......#...............
#....o..######..........
#..s..o.# #####'#....
#######(# #.#.... ...
##.#....


You could see a scorpion.

Vanquished Creatures
  2 orcs (D:5)
2 creatures vanquished.

Notes
Turn   | Place    | Note
-------+----------+-------------------------------------------
     0 | D:5      | qw the Gargoyle Delver began the quest for the Orb.
     0 | D:5      | Reached XP level 1. HP: 14/14 MP: 1/1
     0 | D:5      | 0 ||| qw: Version: 0.1-a-116-g5d60599
     0 | D:5      | 0 ||| qw: Game counter: 8342
     0 | D:5      | 0 ||| qw: Always use a shield: true
     0 | D:5      | 0 ||| qw: God list: Okawaru
     0 | D:5      | 0 ||| qw: Allow faded altars: false
     0 | D:5      | 0 ||| qw: Do Orc after D:15 true
     0 | D:5      | 0 ||| qw: Do second Lair branch before Depths: true
     0 | D:5      | 0 ||| qw: Lair rune preference: random
     0 | D:5      | 0 ||| qw: Plans: Normal
     0 | D:5      | 0 ||| PLANNING D:1-11
   108 | D:5      | 108 ||| Stepping ~*~*~tactically~*~*~ (stealth).
   109 | D:5      | 109 ||| Stepping ~*~*~tactically~*~*~ (stealth).
   114 | D:5      | Noticed a scorpion
   115 | D:5      | 115 ||| Stepping ~*~*~tactically~*~*~ (stealth).
   135 | D:5      | 135 ||| Stepping ~*~*~tactically~*~*~ (stealth).
   142 | D:5      | 142 ||| Stepping ~*~*~tactically~*~*~ (stealth).
   143 | D:5      | 143 ||| Stepping ~*~*~tactically~*~*~ (stealth).
   169 | D:5      | HP: 3/14 [scorpion (1)]
   170 | D:5      | Slain by a scorpion

Levels and vault maps discovered:
D:5:      cheibrodos_iron_armory, layout_basic, mainiacjoe_overflow_alcove_2

Skill      XL: |  1 |
---------------+----+-----
Axes           | 2 |  2.1
Fighting       | |  3.2
Dodging        | |  1.5
Stealth        | |  5.4

Action                   || total
-------------------------++-------
Melee: Hand axe          ||    14
Armor: Leather armour    ||     2
Dodge: Dodged            ||     7

Table legend:
 A = Non-vault XP
 B = Vault XP
 C = Vault XP percentage of total XP
 D = Non-vault monster count
 E = Vault monster count
 F = Vault count percentage of total count
                 A         B        C        D         E       F
            +---------+---------+-------+---------+---------+-------
      Total |       6 |       0 |   0.0 |       2 |       0 |   0.0
            +---------+---------+-------+---------+---------+-------
        D:5 |       6 |       0 |   0.0 |       2 |       0 |   0.0
            +---------+---------+-------+---------+---------+-------
